 Dungeon Crawl Stone Soup version 0.27.1-33-g824d729ab1 (webtiles) character file.

Game seed: 6825378828549461501

2979 caelumdeity the Twirler (level 9, -4/62 (75) HPs)
             Began as a Red Draconian Transmuter on Dec 19, 2021.
             Slain by a wight (5 damage)
             ... on level 6 of the Dungeon.
             The game lasted 00:53:44 (9201 turns).

caelumdeity the Twirler (Red Draconian Transmuter)  Turns: 9201, Time: 00:53:44

HP:   -4/62 (75)    AC: 10    Str: 13    XL:     9   Next: 53%
MP:   15/16         EV: 12    Int: 17    God:
Gold: 253           SH:  5    Dex: 11    Spells: 14/18 levels left

rFire    + . .     SeeInvis .   b - +1 dagger (holy)
rCold    + + .     Faith    .   B - +1 buckler
rNeg     . . .     Spirit   .   (armour unavailable)
rPois    .         Reflect  .   (helmet currently unavailable)
rElec    .         Harm     .   (no cloak)
rCorr    .         Rampage  .   n - +2 pair of gloves of Ceugrioj {rC+}
Will     .....                  (boots currently unavailable)
Stlth    +.........             i - amulet of the acrobat
HPRegen  0.20/turn              k - ring of protection from cold
MPRegen  0.15/turn              r - ring of wizardry

@: appendages, heavily drained
A: horns 2, talons 2, breathe fire, AC +7, unfitting armour, fire resistance 1,
cold-blooded
a: Breathe Fire, End Transformation


You were on level 6 of the Dungeon.
You had temporarily grown beastly horns and talons.
You visited 1 branch of the dungeon, and saw 8 of its levels.

You collected 253 gold pieces.

Inventory:

Hand Weapons
 a - a +2 short sword of draining
 b - a +1 dagger of holy wrath (weapon)
Missiles
 d - 220 stones
 y - 5 poisoned darts (quivered)
 D - 3 throwing nets
Armour
 h - a +0 pair of boots (melded)
 n - the +2 pair of gloves of Ceugrioj (worn) {rC+}
   (You found it on level 5 of the Dungeon)

   rC:        It protects you from cold.
 B - a +1 buckler (worn)
Magical Staves
 G - a staff of cold
Jewellery
 i - an amulet of the acrobat (around neck)
 k - a ring of protection from cold (left hand)
 r - a ring of wizardry (right hand)
Scrolls
 e - a scroll of acquirement {unknown}
 g - 3 scrolls of teleportation
 j - a scroll of fear
 m - a scroll of immolation {unknown}
 o - a scroll of silence
 p - a scroll of enchant armour
 q - a scroll of vulnerability {unknown}
 t - a scroll of amnesia {unknown}
 u - a scroll of summoning
 v - a scroll of brand weapon {unknown}
 w - a scroll of blinking {unknown}
 z - 4 scrolls of fog
 A - a scroll of enchant weapon
 C - a scroll of magic mapping {unknown}
 K - a scroll of torment {unknown}
Potions
 c - 2 potions of curing
 s - a potion of brilliance
 E - a potion of ambrosia {unknown}
 F - a potion of cancellation {unknown}
 H - a potion of magic {unknown}
 J - a potion of lignification {unknown}


   Skills:
 - Level 6.0 Fighting
 * Level 6.9 Staves
 - Level 1.7 Dodging
 - Level 1.0 Stealth
 - Level 4.0 Shields
 - Level 3.0 Unarmed Combat
 - Level 5.0 Spellcasting
 - Level 5.0 Transmutations
 - Level 3.0 Ice Magic
 + Level 3.7 Evocations


You had 14 spell levels left.
You knew the following spells:

 Your Spells              Type           Power      Damage    Failure   Level
a - Beastly Appendage     Tmut           42%        N/A       1%          1
b - Wereblood             Tmut           21%        N/A       1%          2
c - Freeze                Ice            56%        1d7       1%          1

Your spell library contained the following spells:

 Spells                   Type           Power      Damage    Failure   Level
 Sting                    Tmut/Pois      48%        1d5       1%          1
 Frozen Ramparts          Ice            28%        1d4       4%          3
 Animate Skeleton         Necr           8%         N/A       6%          1
 Pain                     Necr           16%        1d4       6%          1
 Spider Form              Tmut/Pois      6%         N/A       6%          3
 Poisonous Vapours        Pois/Air       8%         N/A       9%          2
 Ice Form                 Ice/Tmut       17%        N/A       11%         4
 Gell's Gravitas          Tloc           2%         N/A       16%         3
 Lesser Beckoning         Tloc           2%         N/A       16%         3
 Teleport Other           Tloc           4%         N/A       16%         3
 Vampiric Draining        Necr           2%         2d6       16%         3
 Hailstorm                Conj/Ice       9%         3d4       28%         4
 Olgreb's Toxic Radiance  Pois           4%         N/A       45%         4


Dungeon Overview and Level Annotations

Branches:
Dungeon (8/15)
 Temple: D:4-7         Lair: D:8-11

Altars:

Shops:
D:1 (   D:7 (


Innate Abilities, Weirdness & Mutations

You have temporarily grown beastly horns and talons.
You can breathe blasts of fire.
Your fiery red scales are hard. (AC +7)
You cannot fit into any form of body armour.
Your flesh is heat resistant. (rF+)
You are cold-blooded and may be slowed by cold attacks.


Message History

You hit the wight but do no damage.
The wight is heavily damaged.
The wight hits you with a +4 scimitar!
* * * LOW HITPOINT WARNING * * *
You feel drained.
* * * LOW HITPOINT WARNING * * *
You hit the wight but do no damage.
Your tail-slap misses the wight.
The wight is heavily damaged.
The wight hits you with a +4 scimitar.
* * * LOW HITPOINT WARNING * * *
You feel drained.
You closely miss the wight.
The wight is heavily damaged.
The wight hits you with a +4 scimitar.
* * * LOW HITPOINT WARNING * * *
You feel better. The wight hits you with a +4 scimitar.
* * * LOW HITPOINT WARNING * * *
You barely miss the wight.
The wight is heavily damaged.
The wight closely misses you.
You hit the wight but do no damage.
The wight is heavily damaged.
The wight closely misses you.
Casting: Beastly Appendage (safe; 1% risk of failure)
Confirm with . or Enter, or press ? or * to list all spells.
You grow a pair of large bovine horns.
Your feet morph into talons.
Your +0 pair of boots melds into your body.
The wight hits you with a +4 scimitar.
* * * LOW HITPOINT WARNING * * *
You feel drained.
* * * LOW HITPOINT WARNING * * *
You closely miss the wight. You claw the wight, but do no damage.
You tail-slap the wight, but do no damage.
The wight is heavily damaged.
The wight closely misses you.
You hit the wight but do no damage. You headbutt the wight.
You tail-slap the wight, but do no damage.
The wight is severely damaged.
The wight hits you with a +4 scimitar.
You die...

(..# #.#.##.#.....# ##.#
#.#.##.#.#...#
#.#########.#.##.#.#...#
#........).......#.#...#
#.#########............#
#.................[...##
##...........##.......##
...################.###
#####..........[@z..#
#.############### #.#
#.# #.# #.# ##.##
####...# .....#.#


You could see a wight.

Vanquished Creatures
  A two-headed ogre (D:6)
  Sigmund (D:6)
  A sky beast (D:6)
  3 ice beasts (D:6)
  2 black bears
  2 ogres
  2 phantoms
  A bullfrog (D:7)
  A gnoll sergeant (D:5)
  3 scorpions
  A water moccasin skeleton (D:5)
  3 wights (D:6)
  3 centaur zombies
  4 hounds
  An orc priest (D:5)
  3 jellies
  2 bullfrog skeletons
  Jessica (D:3)
  5 iguanas
  4 orc wizards
  A hound skeleton (D:4)
  6 gnolls
  3 adders
  A shadow imp (D:6)
  2 ufetubi
  2 worms (D:2)
  2 dart slugs (D:4)
  21 orcs
  8 ball pythons
  3 endoplasms
  A giant cockroach (D:2)
  3 goblins
  5 hobgoblins
  6 jackals
  3 quokkas
  8 bats
  3 frilled lizards
  5 kobolds
  3 rats
130 creatures vanquished.

Vanquished Creatures (others)
  A plant (D:4)
1 creature vanquished.

Grand Total: 131 creatures vanquished

Notes
Turn   | Place    | Note
-------+----------+-------------------------------------------
     0 | D:1      | caelumdeity the Draconian Transmuter began the quest for
                  | the Orb.
     0 | D:1      | Reached XP level 1. HP: 16/16 MP: 3/3
   174 | D:1      | Found a faded altar of an unknown god.
   243 | D:1      | Reached XP level 2. HP: 4/23 MP: 3/5
   783 | D:1      | Found Ciak Kula's Weapon Emporium.
   910 | D:1      | Reached XP level 3. HP: 25/28 MP: 6/6
   971 | D:1      | Reached skill level 1 in Stealth
  1289 | D:3      | Noticed Jessica
  1579 | D:2      | Learned a level 2 spell: Wereblood
  1640 | D:2      | Reached XP level 4. HP: 25/35 MP: 7/7
  2208 | D:3      | Killed Jessica
  2855 | D:3      | Reached XP level 5. HP: 20/41 MP: 5/8
  3177 | D:4      | Reached skill level 5 in Transmutations
  3595 | D:4      | Reached XP level 6. HP: 35/52 MP: 8/10
  3827 | D:5      | Entered Level 5 of the Dungeon
  4294 | D:6      | Noticed an ice beast
  4294 | D:6      | Noticed a sky beast
  4310 | D:5      | Your scales start taking on a fiery red colour.
  4310 | D:5      | Reached XP level 7. HP: 60/60 MP: 11/13
  4310 | D:5      | Gained mutation: Your flesh is heat resistant. (rF+) [Red
                  | Draconian growth]
  4368 | D:5      | HP: 3/60 [iguana (1)]
  4952 | D:5      | Reached skill level 5 in Fighting
  4953 | D:5      | Reached skill level 5 in Spellcasting
  4956 | D:5      | Learned a level 1 spell: Freeze
  5031 | D:5      | Identified the +2 pair of gloves of Ceugrioj {rC+}
  5081 | D:5      | Reached skill level 1 in Ice Magic
  5304 | D:5      | Reached XP level 8. HP: 62/70 MP: 15/15
  5638 | D:5      | Reached skill level 1 in Staves
  6060 | D:6      | Reached skill level 1 in Shields
  6630 | D:6      | Noticed Sigmund
  6637 | D:6      | Killed Sigmund
  7343 | D:6      | Reached skill level 1 in Evocations
  7343 | D:6      | Reached XP level 9. HP: 65/75 MP: 16/16
  7504 | D:7      | Found Qoushar's Antique Weapon Shop.
  7534 | D:7      | Noticed a two-headed ogre
  7601 | D:6      | HP: 2/75 [two-headed ogre (14)]
  7940 | D:6      | Killed a two-headed ogre
  9194 | D:6      | HP: 2/65 [wight (2)]
  9199 | D:6      | HP: 2/64 [wight (6)]
  9201 | D:6      | Slain by a wight

Illustrated notes

Levels and vault maps discovered:
D:1:      dpeg_arrival_ternary, layout_rooms, shapermc_ecumenical_altar_venn,
          serial_shops, nicolae_shop_crystal, minivault_19
D:2:      cheibrodos_old_hovel, layout_loops_ring, minmay_misc_feat_four_crosses
D:3:      layout_loops_cross, kennysheep_generic_room_11, uniq_jessica
D:4:      layout_basic, corexii_shack
D:5:      layout_loops_ring, lightli_minifort
D:6:      layout_loops_ring, uniq_sigmund
D:7:      layout_cave_pools, minmay_temple_entry_statues, serial_shops, shop,
          kennysheep_generic_room_13
D:8:      layout_basic, serial_shops, shop

Skill      XL: |  1  2  3  4  5  6  7  8  9 |
---------------+----------------------------+-----
Transmutations | 3 4 5 |  5.0
Stealth        | 1 |  1.0
Fighting       | 2 3 4 5 6 |  6.0
Spellcasting   | 3 4 5 |  5.0
Ice Magic      | 2 3 |  3.0
Staves         | 4 6 |  6.9
Shields        | 4 |  4.0
Evocations     | 1 3 |  3.7
Dodging        | |  1.7
Unarmed Combat | |  3.0

Action                   |  1- 3 |  4- 6 |  7- 9 || total
-------------------------+-------+-------+-------++-------
Melee: Unarmed           |    86 |       |       ||    86
       Tailslap          |    14 |    15 |    53 ||    82
       Kick              |     4 |    11 |    29 ||    44
       Headbutt          |     2 |     4 |    28 ||    34
       Short sword       |    47 |   169 |    64 ||   280
       Punch             |       |     1 |     1 ||     2
       Dagger            |       |       |    80 ||    80
       Staff             |       |       |   257 ||   257
Throw: Stone             |    38 |    42 |    39 ||   119
       Dart              |       |     5 |    50 ||    55
 Cast: Beastly Appendage |     3 |     3 |    12 ||    18
       Wereblood         |       |     3 |     5 ||     8
 Abil: Breathe Fire      |       |       |    18 ||    18
  Use: Scroll            |       |     4 |     7 ||    11
       Potion            |       |       |     2 ||     2
 Stab: Sleeping          |     3 |     1 |       ||     4
Armor: Skin              |    33 |    66 |   158 ||   257
Dodge: Dodged            |    95 |   170 |   309 ||   574
Block: Buckler           |       |       |    59 ||    59
